 Dungeon Crawl Stone Soup version 0.30-a0-595-g91969c0fa5 (webtiles) character file.

Game seed: 14753591098260558751

10236 HoaS the Marksgargoyle (level 11, -3/64 HPs)
             Began as a Gargoyle Hunter on Jan 6, 2023.
             Was an Initiate of Gozag.
             Slain by a six-headed hydra (8 damage)
             ... on level 2 of the Lair of Beasts.
             The game lasted 00:23:27 (10966 turns).

HoaS the Marksgargoyle (Gargoyle Hunter)           Turns: 10966, Time: 00:23:27

Health: -3/64      AC: 19    Str: 21    XL:     11   Next: 59%
Magic:  11/11      EV: 15    Int: 15    God:    Gozag
Gold:   1363       SH:  0    Dex: 17    Spells: 10/10 levels left

rFire   . . .      SeeInvis .    a - +1 shortbow (elec)
rCold   . . .      Faith    .    (shield currently unavailable)
rNeg    + . .      Spirit   .    c - +0 leather armour
rPois   ∞          Reflect  .    (no helmet)
rElec   +          Harm     .    (no cloak)
rCorr   .          Rampage  .    g - +2 pair of gloves
Will    .....                    w - +0 pair of boots of an ice cave {Str+7 Int+4}
Stlth   ++                       (no amulet)
HPRegen 0.30/turn                f - +4 ring of protection
MPRegen 0.12/turn                (no ring)

@: about to teleport, gold aura
A: sickness immunity, AC +8, negative energy resistance 1, electricity
resistance, torment resistance 1, petrification resistance
a: Renounce Religion, Potion Petition, Call Merchant, Bribe Branch


You were on level 2 of the Lair of Beasts.
You worshipped Gozag.
Gozag was most pleased with you.
You visited 3 branches of the dungeon, and saw 13 of its levels.

You collected 1669 gold pieces.
You spent 190 gold pieces at shops.
You paid 116 gold pieces to Gozag.

Inventory:

Hand Weapons
 a - a +1 shortbow of electrocution (weapon)
Missiles
 m - 2 throwing nets
Armour
 c - a +0 leather armour (worn)
 g - a +2 pair of gloves (worn)
 w - the +0 pair of boots of an ice cave (worn) {Str+7 Int+4}
   (You bought it in a shop on level 8 of the Dungeon)

   Str:       It affects your strength (+7).
   Int:       It affects your intelligence (+4).
Jewellery
 f - a +4 ring of protection (left hand)
 i - a ring of fire
 y - a ring of fire
Wands
 v - a wand of polymorph (18)
 z - a wand of mindburst (10)
 A - a wand of charming (9)
Scrolls
 b - 3 scrolls of immolation
 h - a scroll of fog
 u - 2 scrolls of vulnerability
 x - a scroll of teleportation
Potions
 d - 4 potions of might
 e - 2 potions of ambrosia
 j - 5 potions of curing
 k - 3 potions of heal wounds
 l - 2 potions of flight
 n - 3 potions of haste
 o - a potion of berserk rage {unknown}
 p - a potion of brilliance {unknown}
 q - 2 potions of mutation {unknown}
 r - 5 potions of attraction
 s - a potion of experience {unknown}
 t - a potion of magic {unknown}


   Skills:
 + Level 5.8 Fighting
 - Level 16.0 Ranged Weapons
 * Level 6.1 Dodging
 - Level 1.1 Stealth


You had 10 spell levels left.
You didn't know any spells.
Your spell library contained the following spells:

 Spells                   Type           Power      Damage    Failure   Level
 Beastly Appendage        Tmut           0%         N/A       30%         1
 Freeze                   Ice            0%         1d3       30%         1
 Necrotise                Necr           0%         1d4       30%         1
 Sandblast                Erth           0%         2d4       30%         1
 Summon Small Mammal      Summ           0%         N/A       30%         1
 Passwall                 Tmut/Erth      0%         N/A       43%         2
 Wereblood                Tmut           0%         N/A       43%         2
 Frozen Ramparts          Ice            0%         1d1       67%         3
 Hailstorm                Conj/Ice       0%         3d3       67%         3
 Spider Form              Tmut/Pois      0%         N/A       67%         3
 Stone Arrow              Conj/Erth      0%         3d7       67%         3
 Vampiric Draining        Necr           0%         2d6       67%         3
 Agony                    Necr           0%         N/A       100%        5
 Fireball                 Conj/Fire      0%         3d3       100%        5
 Iskenderun's Battlesphe  Conj           0%         2d6       100%        5
 Conjure Ball Lightning   Conj/Air       0%         3x3d6     100%        6
 Orb of Destruction       Conj           0%         9d5       100%        7


Dungeon Overview and Level Annotations

Branches:
Dungeon (10/15)            Temple (1/1) D:7            Lair (2/5) D:10
    Orc (0/2) D:9
  Swamp: Lair:2-3    Shoals: Lair:2-3     Snake: Lair:2-3    Spider: Lair:2-3

Altars:
Ashenzari
Cheibriados
Dithmenos
Elyvilon
Fedhas
Gozag
Hepliaklqana
Kikubaaqudgha
Makhleb
Nemelex Xobeh
Okawaru
Qazlal
Ru
Sif Muna
Trog
Uskayaw
Vehumet
Wu Jian
Xom
Yredelemnul
Zin
The Shining One

Shops:
D:1 *   D:8 [[

Annotations:
D:7 3 runed translucent doors, kae's ghost, novice DsTm
D:8 exclusion: cyclops


Innate Abilities, Weirdness & Mutations

You are immune to sickness and miasma.
Your stone body is resilient. (AC +8)
You are immune to poison.
You resist negative energy. (rN+)
You are resistant to electric shocks. (rElec)
You are resistant to unholy torment.
You are immune to petrification.


Message History

The six-headed hydra completely misses you.
The six-headed hydra bites you but does no damage.
You shoot an arrow. The arrow hits the scorpion.
Lightning courses through the scorpion!
The scorpion is severely wounded.
The scorpion stings you but does no damage.
The scorpion barely misses you.
You shoot an arrow. The arrow barely misses the scorpion.
The arrow hits the scorpion!
The scorpion is severely wounded.
The giant cockroach is no longer distracted by gold.
The scorpion completely misses you. The six-headed hydra bites you.
The six-headed hydra bites you!
* * * LOW HITPOINT WARNING * * *
The six-headed hydra closely misses you.
The six-headed hydra bites you but does no damage.
The six-headed hydra barely misses you. The six-headed hydra bites you!
* * * LOW HITPOINT WARNING * * *
The scorpion stings you but does no damage.
You shoot an arrow.
The arrow closely misses the scorpion. x2
The arrow hits the scorpion!
The scorpion is severely wounded.
The scorpion stings you.
* * * LOW HITPOINT WARNING * * *
The scorpion stings you but does no damage.
The six-headed hydra bites you but does no damage. x2
The six-headed hydra bites you.
* * * LOW HITPOINT WARNING * * *
The six-headed hydra misses you.
The six-headed hydra closely misses you.
The six-headed hydra misses you.
You shoot an arrow.
The arrow hits the scorpion but does no damage.
The scorpion is heavily wounded.
The scorpion is distracted by your dazzling golden aura. x2
The scorpion stings you but does no damage.
The six-headed hydra closely misses you.
The six-headed hydra bites you!
You die...
Your body crumbles into a pile of gold.

####.#...##...
######.........P...
###.##.#.....P.....P.
#..........P..≈~.....
##...##.P....~~≈~....
#.$.###......~~.~~...
###.B# #...~.~~.....P.
#..sD###..~≈≈~≈.~≈.P..
#.#.ss@##...~~≈≈~~~~...
.....ss###...P≈≈≈≈~P..P.
.......s. #....~~≈≈......
(..###.#.......P~~~......
... ###................P
.. ..####.##.....#.# .##
#........# ##....P.P#
.....#.##


You could see a six-headed hydra, 6 scorpions and a giant cockroach.

Vanquished Creatures
  A manticore (D:6)
  A cane toad (Lair:1)
  3 komodo dragons
  A hornet (D:8)
  A polar bear (Lair:1)
  A troll (D:8)
  7 blink frogs (Lair:1)
  5 wyverns
  8 yaks
  A basilisk (Lair:2)
  Menkaure (D:5)
  Edmund (D:5)
  A warg (D:9)
  2 water moccasins
  An orc warrior (D:9)
  A sky beast (D:7)
  3 black bears
  2 ice beasts (D:8)
  2 ogres
  10 wolves
  2 phantoms
  Blork the orc (D:5)
  2 kobold brigands
  A scorpion (D:6)
  2 gnoll sergeants (D:8)
  2 necrophages
  5 bullfrogs
  4 wights
  6 killer bees
  4 howler monkeys
  A jelly (D:8)
  5 hounds
  4 gnoll boudas
  7 orc priests
  2 iguanas
  9 orc wizards
  6 adders
  19 gnolls
  2 shadow imps
  5 white imps
  3 dart slugs
  36 orcs
  3 endoplasms
  2 giant cockroaches (D:3)
  4 goblins
  6 hobgoblins
  4 jackals (D:5)
  3 quokkas
  7 ball pythons
  4 bats
  5 frilled lizards
  8 kobolds
  5 rats
232 creatures vanquished.

Vanquished Creatures (others)
  4 fungi
  8 plants
12 creatures vanquished.

Grand Total: 244 creatures vanquished

Notes
Turn   | Place    | Note
-------+----------+-------------------------------------------
     0 | D:1      | HoaS the Gargoyle Hunter began the quest for the Orb.
     0 | D:1      | Reached XP level 1. HP: 12/12 MP: 1/1
   243 | D:1      | Found Wucw's Assorted Antiques.
   250 | D:1      | Reached XP level 2. HP: 17/17 MP: 2/2
  1038 | D:2      | Reached skill level 5 in Ranged Weapons
  1038 | D:2      | Reached XP level 3. HP: 21/21 MP: 3/3
  1166 | D:2      | Found a faded altar of an unknown god.
  1170 | D:2      | Got Plato's Teachings on the Throng
  1663 | D:3      | Reached XP level 4. HP: 26/26 MP: 4/4
  1746 | D:2      | Reached skill level 6 in Ranged Weapons
  1749 | D:2      | Reached XP level 5. HP: 17/30 MP: 5/5
  1823 | D:3      | Found a blossoming altar of Fedhas.
  2558 | D:4      | Noticed an ogre
  3147 | D:5      | Entered Level 5 of the Dungeon
  3195 | D:5      | Noticed Edmund
  3254 | D:5      | Noticed Menkaure
  3260 | D:5      | Killed Menkaure
  3261 | D:5      | Reached skill level 7 in Ranged Weapons
  3261 | D:5      | Reached XP level 6. HP: 14/35 MP: 6/6
  3462 | D:5      | Reached skill level 8 in Ranged Weapons
  3462 | D:5      | Reached XP level 7. HP: 40/40 MP: 7/7
  3684 | D:4      | Reached skill level 9 in Ranged Weapons
  3848 | D:5      | Killed Edmund
  4149 | D:5      | Found a hazy altar of Hepliaklqana.
  4149 | D:5      | Noticed Blork the orc
  4177 | D:5      | Killed Blork the orc
  4178 | D:5      | Reached XP level 8. HP: 44/44 MP: 8/8
  4596 | D:5      | Found a faded altar of an unknown god.
  4745 | D:6      | Reached skill level 10 in Ranged Weapons
  5151 | D:6      | Noticed a manticore
  5257 | D:7      | Found a runed translucent gate.
  5257 | D:7      | Found a runed translucent gate.
  5257 | D:7      | Found a runed translucent gate.
  5260 | D:7      | Noticed kae's ghost (novice DsTm)
  5293 | D:7      | Found a staircase to the Ecumenical Temple.
  5302 | Temple   | Entered the Ecumenical Temple
  5305 | Temple   | Reached skill level 11 in Ranged Weapons
  5483 | Temple   | Became a worshipper of Gozag Ym Sagoz the Greedy
  5798 | D:7      | Reached XP level 9. HP: 48/48 MP: 9/9
  5874 | D:7      | Reached skill level 12 in Ranged Weapons
  5888 | D:7      | Identified the +1 plate armour of the Fuzzy God {Str+4}
  5986 | D:6      | Killed a manticore
  6362 | D:6      | Found a basalt altar of Yredelemnul.
  6645 | D:6      | Found a shadowy altar of Dithmenos.
  7012 | D:8      | Found Xex Hecs's Antique Armour Shoppe.
  7056 | D:8      | Bought a pair of warped boots for 190 gold pieces
  7056 | D:8      | Identified the +0 pair of boots of an ice cave {Str+7
                  | Int+4} (You bought it in a shop on level 8 of the Dungeon)
  7161 | D:8      | Reached skill level 13 in Ranged Weapons
  7355 | D:8      | Noticed a troll
  7380 | D:8      | Killed a troll
  7392 | D:8      | Found Huycizole's Antique Armour Shop.
  7549 | D:8      | Reached skill level 14 in Ranged Weapons
  7638 | D:8      | Noticed a cyclops
  7779 | D:8      | Reached XP level 10. HP: 53/53 MP: 10/10
  7886 | D:8      | Found a sparkling altar of Nemelex Xobeh.
  7920 | D:8      | Found a sacrificial altar of Ru.
  8307 | D:9      | Found a snail-covered altar of Cheibriados.
  8891 | D:9      | Reached skill level 15 in Ranged Weapons
  8961 | D:9      | Found a staircase to the Orcish Mines.
  9201 | D:10     | Entered Level 10 of the Dungeon
  9201 | D:10     | Noticed a two-headed ogre
  9206 | D:10     | Found a staircase to the Lair.
  9230 | Lair:1   | Entered Level 1 of the Lair of Beasts
  9329 | D:10     | Reached skill level 16 in Ranged Weapons
  9532 | Lair:1   | Reached XP level 11. HP: 59/60 MP: 11/11
 10241 | Lair:1   | Reached skill level 5 in Dodging
 10268 | Lair:1   | Reached skill level 5 in Fighting
 10950 | Lair:2   | Noticed a six-headed hydra
 10966 | Lair:2   | Slain by a six-headed hydra

Illustrated notes

Levels and vault maps discovered:
D:1:      scummos_arrival_simple_fountains, layout_basic, serial_shops,
          shop_fountains, amcnicky_mini_pool_small, minmay_quantized
D:2:      layout_basic, shapermc_ecumenical_altar_rom_forum,
          minmay_misc_feat_plants
D:3:      layout_basic, fedhas_altar_fruit_tree, st_stairs_7
D:4:      layout_basic
D:5:      layout_loops_ring, beargit_hepliaklqana_dungeon_heroes,
          kennysheep_flooded_box, uniq_edmund, uniq_menkaure
D:6:      layout_loops_ring, nicolae_dithmenos_through_a_glass_darkly,
          mainiacjoe_overflow_alcove_2, serial_co_window_serial,
          co_window_of_opportunity_a, co_window_of_opportunity_a,
          co_window_paths_b, co_window_corner_a, co_window_corner_a,
          co_window_paths_b, co_window_of_opportunity_a, co_window_paths_b,
          co_window_corner_a, co_window_of_opportunity_b, co_window_broadway_c,
          co_window_corner_ca, co_window_broadway_a, co_window_broadway_c,
          glass_columns_a, glass_columns_b, glass_columns_a
D:7:      layout_cave_pools, minmay_temple_entry_drinking_statues,
          serial_column_ruins, column_ruins_grid_3,
          column_ruins_corridor_straight, column_ruins_open_medium,
          biasface_ghost_orc_armoury
D:8:      layout_basic, mainiacjoe_overflow_catch_the_wave, serial_shops, shop,
          nicolae_shop_behind_doors, st_stairs_11
D:9:      layout_loops_ring, mainiacjoe_overflow_concentric_impassable,
          david_orc_1_choice
D:10:     layout_roguey, lair_entry_dummy
Temple:   nicolae_temple_bog_church
Lair:1:   layout_misc_corridors, infiniplex_staircase_pool
Lair:2:   layout_small_grid, minmay_swamp_entry_eels,
          nicolae_spider_entry_non_spiders, wad_woods_road_06, fungi_pond_lemuel

Skill      XL: |  1  2  3  4  5  6  7  8  9 10 11 |
---------------+----------------------------------+-----
Ranged Weapons | 5 6 7 8 9 11 14 16 | 16.0
Dodging        | 3 6 |  6.1
Fighting       | 3 5 |  5.8
Stealth        | |  1.1

Action                   |  1- 3 |  4- 6 |  7- 9 | 10-12 || total
-------------------------+-------+-------+-------+-------++-------
 Fire: Shortbow          |   103 |    97 |   369 |   419 ||   988
  Use: Scroll            |     1 |     3 |     9 |     8 ||    21
Armor: Leather armour    |    20 |    46 |    35 |   106 ||   207
Dodge: Dodged            |    38 |    48 |    63 |   129 ||   278

Table legend: (Time is in decaauts)
 A = Elapsed time spent in this place.
 B = Non-inter-level travel time spent in this place.
 C = Inter-level travel time spent in this place.
 D = Time resting spent in this place.
 E = Time spent auto-exploring this place.
 F = Levels seen in this place.
 G = Mean time per level.
                   A        B        C        D        E       F      G
               +--------+--------+--------+--------+--------+-----+--------+
         Total |  10917 |  10325 |    592 |   1342 |   6922 |  13 |  839.8 |
       Dungeon |   9585 |   9026 |    559 |   1197 |   6097 |  10 |  958.5 |
        Temple |    202 |    192 |     10 |      0 |    165 |   1 |  202.0 |
          Lair |   1129 |   1107 |     22 |    145 |    660 |   2 |  564.5 |
               +--------+--------+--------+--------+--------+-----+--------+

Top non-repeatable levels by time:
     D:6: 1423 daAuts
     D:5: 1407 daAuts
     D:8: 1243 daAuts
     D:4: 1048 daAuts
  Lair:1: 976 daAuts
     D:1: 930 daAuts
     D:9: 904 daAuts
     D:3: 830 daAuts
     D:7: 626 daAuts
     D:2: 608 daAuts
    D:10: 561 daAuts
  Temple: 202 daAuts
  Lair:2: 152 daAuts
